 Dungeon Crawl Stone Soup version 0.29-a0-451-gfbfa42419e (webtiles) character file.

Game seed: 13234531058466568545

2023 zeratav the Archer (level 9, -2/48 HPs)
             Began as a Tengu Hunter on May 19, 2022.
             Was an Initiate of Dithmenos.
             Slain by a warg (9 damage)
             ... on level 7 of the Dungeon.
             The game lasted 00:14:18 (7792 turns).

zeratav the Archer (Tengu Hunter)                   Turns: 7792, Time: 00:14:18

Health: -2/48      AC:  4    Str: 12    XL:     9   Next: 23%
Magic:  10/10      EV: 15    Int:  9    God:    Dithmenos [......]
Gold:   379        SH:  0    Dex: 22    Spells: 8/8 levels left

rFire   . . .      SeeInvis .   a - +1 shortbow {bow}
rCold   . . .      Faith    +   (shield currently unavailable)
rNeg    . . .      Spirit   .   b - +0 leather armour
rPois   .          Reflect  .   (helmet restricted)
rElec   .          Harm     .   w - +0 cloak
rCorr   .          Rampage  .   (no gloves)
Will    .....                   (boots unavailable)
Stlth   ++........              p - amulet of faith {!P}
HPRegen 0.16/turn               (no ring)
MPRegen 0.12/turn               (no ring)

@: flying quickly and evasively, invisible, quick
A: beak, talons 3, nimble flight
a: Renounce Religion


You were on level 7 of the Dungeon.
You worshipped Dithmenos.
Dithmenos was noncommittal.
You visited 2 branches of the dungeon, and saw 9 of its levels.

You collected 379 gold pieces.


Innate Abilities, Weirdness & Mutations

You have a beak for a mouth.
You have claws for feet.
Your magical nature lets you fly swiftly and evasively.


   Skills:
 - Level 2.0 Fighting
 + Level 13.5 Bows
 - Level 2.1 Dodging
 - Level 1.0 Stealth


You had 8 spell levels left.
You didn't know any spells.
Your spell library contained the following spells:

 Spells                   Type           Power      Damage    Failure   Level
 Dazzling Flash           Conj/Hex       0%         N/A       83%         3
 Airstrike                Air            0%         N/A       99%         4
 Iskenderun's Mystic Bla  Conj/Tloc      0%         2d3       99%         4
 Summon Lightning Spire   Summ/Air       0%         N/A       99%         4
 Lightning Bolt           Conj/Air       0%         1d11      100%        5
 Starburst                Conj/Fire      0%         6d3       100%        6

Inventory:

Hand Weapons
 a - a +1 shortbow (weapon) {bow}
Armour
 b - a +0 leather armour (worn)
 w - a +0 cloak (worn)
   (You found it on level 3 of the Dungeon)
Jewellery
 p - an amulet of faith (around neck) {!P}
   (You found it on level 2 of the Dungeon)
 r - an amulet of guardian spirit
   (You found it on level 3 of the Dungeon)
Wands
 H - a wand of paralysis (12)
   (You found it on level 4 of the Dungeon)
 N - a wand of flame (22)
   (You took it off a gnoll on level 5 of the Dungeon)
Scrolls
 c - 2 scrolls of immolation {!r!r}
 d - 2 scrolls of poison {unknown}
 e - 2 scrolls of amnesia {unknown}
 g - 5 scrolls of blinking {unknown}
 i - a scroll of torment {unknown}
 j - 2 scrolls of enchant armour {unknown}
 k - 3 scrolls of teleportation {unknown}
 m - 2 scrolls of noise {unknown}
 n - 2 scrolls of vulnerability {unknown}
 q - 4 scrolls of identify {unknown}
 u - a scroll of summoning {unknown}
 D - 5 scrolls of fog {unknown}
 E - 2 scrolls of enchant weapon {unknown}
Potions
 f - a potion of might {unknown}
 l - 3 potions of brilliance {unknown}
 o - 2 potions of curing {unknown}
 s - a potion of magic {unknown}
 t - 2 potions of cancellation {unknown}
 A - a potion of heal wounds {@q2}
 B - a potion of berserk rage {unknown}
 I - 2 potions of ambrosia {unknown}
 J - 5 potions of attraction {unknown}
 T - a potion of invisibility {unknown}

Dungeon Overview and Level Annotations

Branches:
Dungeon (8/15)             Temple (1/1) D:6
   Lair: D:8-11

Altars:
Ashenzari
Cheibriados
Dithmenos
Elyvilon
Fedhas
Gozag
Hepliaklqana
Kikubaaqudgha
Makhleb
Nemelex Xobeh
Okawaru
Qazlal
Ru
Sif Muna
Trog
Uskayaw
Vehumet
Wu Jian
Xom
Yredelemnul
Zin
The Shining One

Shops:
D:1 *

Annotations:
D:7 Psyche

### #.# #.# #.#
#.# #.# #.#
##########.#######
..............@h@#
...####....#######
...........###
...........#.#
###........#.#
#..........#
#..........#
#.......####
#.......#


You could see Psyche (can't see you) and a warg.


Message History

Shoot: a) +1 shortbow {bow}
Press: ? - help, Shift-Dir - straight line, f/p - warg
Aim: a warg (moderately wounded, 65% to hit)
You shoot an arrow. The arrow hits the warg!
The warg closely misses you.
Shoot: a) +1 shortbow {bow}
Press: ? - help, Shift-Dir - straight line, f/p - warg
Aim: a warg (heavily wounded, 65% to hit)
You shoot an arrow. The arrow hits the warg!
The warg closely misses you.
Shoot: a) +1 shortbow {bow}
Press: ? - help, Shift-Dir - straight line, f/p - warg
Aim: a warg (severely wounded, 65% to hit)
You shoot an arrow. The arrow hits the warg!
The warg barely misses you.
Shoot: a) +1 shortbow {bow}
Press: ? - help, Shift-Dir - straight line, f/p - warg
Aim: a warg (almost dead, 65% to hit)
You shoot an arrow. The arrow hits the warg.
You kill the warg!
Dithmenos accepts your kill.
Shoot: a) +1 shortbow {bow}
Press: ? - help, Shift-Dir - straight line, f - you That would be overly suicidal.
You start resting.
HP[+21]
Your hp is fully restored (48).
You start waiting.
Done waiting.
You fly downwards.
Level annotation: Psyche The warg bites you.
The orc wizard casts a spell.
The orc wizard flickers and vanishes!
Deactivating autopickup; reactivate with Ctrl-A.
There is a stone staircase leading up here.
HP[-5]
You take 5 damage, and now have 43/48 hp.
The warg closely misses you.
Psyche hits you with a +1 dagger of chaos.
You fade into invisibility!
The warg misses you.
You fly upwards.
Reactivating autopickup.
There is a stone staircase leading down here.
HP[-5]
You take 5 damage, and now have 38/48 hp.
Shoot: a) +1 shortbow {bow}
Press: ? - help, Shift-Dir - straight line, f - warg
Aim: a warg (65% to hit)
You shoot an arrow.
The arrow hits the warg but does no damage.
Psyche looks braver for a moment.
The warg closely misses you.
Shoot: a) +1 shortbow {bow}
Press: ? - help, Shift-Dir - straight line, f/p - warg
Aim: a warg (65% to hit)
You shoot an arrow. The arrow hits the warg.
Psyche points at you and mumbles some strange words.
The warg easily resists.
The warg misses you.
HP[+1] Shoot: a) +1 shortbow {bow}
Press: ? - help, Shift-Dir - straight line, f/p - warg
Aim: a warg (lightly wounded, 65% to hit)
You shoot an arrow. The arrow hits the warg.
The warg closely misses you.
Shoot: a) +1 shortbow {bow}
Press: ? - help, Shift-Dir - straight line, f/p - warg
Aim: a warg (moderately wounded, 65% to hit)
You shoot an arrow.
The arrow hits the warg but does no damage.
The warg bites you!
HP[-14]
You take 14 damage, and now have 25/48 hp.
MASSIVE DAMAGE!! (PAUSE) Shoot: a) +1 shortbow {bow}
Press: ? - help, Shift-Dir - straight line, f/p - warg
Aim: a warg (moderately wounded, 65% to hit)
You shoot an arrow. The arrow hits the warg!
The warg barely misses you.
Shoot: a) +1 shortbow {bow}
Press: ? - help, Shift-Dir - straight line, f/p - warg
Aim: a warg (heavily wounded, 65% to hit)
You shoot an arrow. The arrow completely misses the warg.
The arrow hits Psyche but does no damage.
The warg bites you!
* * * LOW HITPOINT WARNING * * *
HP[-16]
You take 16 damage, and now have 9/48 hp.
MASSIVE DAMAGE!! (PAUSE) Shoot: a) +1 shortbow {bow}
Press: ? - help, Shift-Dir - straight line, f/p - warg
Aim: a warg (heavily wounded, 65% to hit)
You shoot an arrow.
The arrow hits the warg but does no damage.
The warg closely misses you.
Shoot: a) +1 shortbow {bow}
Press: ? - help, Shift-Dir - straight line, f/p - warg
Aim: a warg (heavily wounded, 65% to hit)
You shoot an arrow.
The arrow hits the warg but does no damage.
The warg bites you.
* * * LOW HITPOINT WARNING * * *
The warg bites you!
You die...

Skill      XL: |  1  2  3  4  5  6  7  8  9 |
---------------+----------------------------+-----
Bows           | 5 6 7 9 10 12 13 | 13.5
Fighting       | |  2.0
Dodging        | |  2.1
Stealth        | |  1.0

Action                   |  1- 3 |  4- 6 |  7- 9 || total
-------------------------+-------+-------+-------++-------
Melee: Shortbow          |       |     2 |       ||     2
 Fire: Shortbow          |   105 |   162 |   212 ||   479
Armor: Leather armour    |    16 |    15 |     7 ||    38
Dodge: Dodged            |    31 |    25 |    52 ||   108

Levels and vault maps discovered:
D:1:      roderic_crossed_star, layout_basic, serial_shops, shop,
          hellmonk_ecumenical_altar_heavens_door
D:2:      layout_rooms, basic_altar
D:3:      minmay_wonky_spiral, layout_basic, columned_hall_lemuel
D:4:      layout_basic
D:5:      layout_rooms, vehumet_statue
D:6:      layout_loops_ring, temple_hall, hex_tiny
D:7:      layout_basic
D:8:      layout_basic, erik_lair_orcish_takeover, uniq_erica, uniq_psyche,
          uniq_maggie
Temple:   nicolae_temple_the_god_donut

Notes
Turn   | Place    | Note
-------+----------+-------------------------------------------
     0 | D:1      | zeratav the Tengu Hunter began the quest for the Orb.
     0 | D:1      | Reached XP level 1. HP: 12/12 MP: 2/2
     0 | D:1      | magus.rc [v1.9.6]
   178 | D:1      | magus.rc [v1.9.6]
   315 | D:1      | Reached XP level 2. HP: 16/17 MP: 3/3
   320 | D:1      | Found Safedu's General Store.
   347 | D:1      | Reached skill level 5 in Bows
   635 | D:1      | Reached XP level 3. HP: 21/21 MP: 4/4
   825 | D:1      | Found a faded altar of an unknown god.
  1093 | D:2      | You fall into a shaft and drop 1 floor!
  1101 | D:3      | Reached skill level 6 in Bows
  1101 | D:3      | Reached XP level 4. HP: 26/26 MP: 5/5
  1525 | D:2      | Found an iron altar of Okawaru.
  1699 | D:3      | Gained mutation: Your magical nature lets you fly swiftly
                  | and evasively. [Tengu growth]
  1699 | D:3      | Reached XP level 5. HP: 30/30 MP: 6/6
  1899 | D:3      | Reached skill level 7 in Bows
  1991 | D:3      | You pick up a book of Spectacle and begin reading...
  1991 | D:3      | You add the spells Dazzling Flash, Iskenderun's Mystic
                  | Blast and Starburst to your library.
  2555 | D:4      | Reached XP level 6. HP: 35/35 MP: 7/7
  2612 | D:4      | Reached skill level 8 in Bows
  3084 | D:5      | Entered Level 5 of the Dungeon
  3084 | D:5      | Noticed a black bear
  3151 | D:4      | Killed a black bear
  3152 | D:4      | Reached skill level 9 in Bows
  3152 | D:4      | Reached XP level 7. HP: 35/40 MP: 8/8
  3740 | D:5      | Found a radiant altar of Vehumet.
  3750 | D:5      | Reached skill level 10 in Bows
  4013 | D:5      | Reached XP level 8. HP: 44/44 MP: 9/9
  4145 | D:6      | Reached skill level 11 in Bows
  4634 | D:6      | You pick up a book of Storms and begin reading...
  4634 | D:6      | You add the spells Airstrike, Summon Lightning Spire and
                  | Lightning Bolt to your library.
  5220 | D:6      | Found a staircase to the Ecumenical Temple.
  5230 | Temple   | Entered the Ecumenical Temple
  5881 | Temple   | Became a worshipper of Dithmenos the Shadowed
  5986 | D:7      | Reached skill level 12 in Bows
  6052 | D:7      | HP: 11/44 [something/ball of steam (18)]
  6642 | D:7      | Reached XP level 9. HP: 18/48 MP: 10/10
  6644 | D:7      | HP: 12/48 [poisoned by a scorpion]
  6649 | D:7      | HP: 6/48 [poisoned by a scorpion]
  6996 | D:7      | Reached skill level 13 in Bows
  7221 | D:8      | Noticed Psyche
  7790 | D:7      | HP: 9/48 [warg (16)]
  7792 | D:7      | Slain by a warg

Vanquished Creatures
  A steam dragon (D:7)
  2 wargs (D:7)
  A water moccasin (D:6)
  A sky beast (D:7)
  A black bear (D:4)
  2 ice beasts
  2 ogres
  A phantom (D:5)
  2 bullfrogs
  A necrophage (D:5)
  A scorpion (D:7)
  2 howler monkeys
  A hound (D:6)
  An orc priest (D:8)
  A gnoll shaman (D:6)
  6 iguanas
  2 orc wizards
  A statue (D:5)
  10 gnolls
  7 adders
  3 worms
  5 dart slugs
  19 orcs
  13 bats
  2 endoplasms
  2 giant cockroaches (D:1)
  11 goblins
  8 hobgoblins
  4 jackals (D:2)
  13 kobolds
  5 quokkas
  8 ball pythons
  3 frilled lizards
  3 rats (D:1)
145 creatures vanquished.

Vanquished Creatures (others)
  2 orcs (D:8)
  A plant (D:8)
3 creatures vanquished.

Grand Total: 148 creatures vanquished

Table legend:
 A = Non-vault XP
 B = Vault XP
 C = Vault XP percentage of total XP
 D = Non-vault monster count
 E = Vault monster count
 F = Vault count percentage of total count
                 A         B        C        D         E       F
            +---------+---------+-------+---------+---------+-------
      Total |    2481 |     410 |  14.2 |     138 |       7 |   4.8
            +---------+---------+-------+---------+---------+-------
        D:1 |      53 |       0 |   0.0 |      28 |       0 |   0.0
        D:2 |      69 |       0 |   0.0 |      25 |       0 |   0.0
        D:3 |      96 |       7 |   6.8 |      24 |       3 |  11.1
        D:4 |     456 |       0 |   0.0 |      23 |       0 |   0.0
        D:5 |     684 |      32 |   4.5 |      17 |       1 |   5.6
        D:6 |     479 |       0 |   0.0 |      14 |       0 |   0.0
        D:7 |     644 |     328 |  33.7 |       7 |       2 |  22.2
        D:8 |       0 |      43 | 100.0 |       0 |       1 | 100.0
            +---------+---------+-------+---------+---------+-------

Illustrated notes

Table legend:
 A = Kills in this place as a percentage of kills in entire the game.
 B = Kills by you in this place as a percentage of kills by you in the entire game.
 C = Kills by friends in this place as a percentage of kills by friends in the entire game.
 D = Other kills in this place as a percentage of other kills in the entire game.
 E = Experience gained in this place as a percentage of experience gained in the entire game.
 F = Experience gained in this place divided by the number of levels of this place that you have seen.
                   A       B       C       D       E      F
               +-------+-------+-------+-------+-------+----------------------
         Total | 100.0 | 100.0 |   N/A |   N/A | 100.0 | 321.2
       Dungeon | 100.0 | 100.0 |   N/A |   N/A | 100.0 | 361.4
               +-------+-------+-------+-------+-------+----------------------

Table legend: (Time is in decaauts)
 A = Elapsed time spent in this place.
 B = Non-inter-level travel time spent in this place.
 C = Inter-level travel time spent in this place.
 D = Time resting spent in this place.
 E = Time spent auto-exploring this place.
 F = Levels seen in this place.
 G = Mean time per level.
                   A        B        C        D        E       F      G
               +--------+--------+--------+--------+--------+-----+--------+
         Total |   7518 |   7061 |    457 |   1658 |   4295 |   9 |  835.3 |
       Dungeon |   6923 |   6502 |    421 |   1658 |   3842 |   8 |  865.4 |
        Temple |    595 |    560 |     35 |      0 |    452 |   1 |  595.0 |
               +--------+--------+--------+--------+--------+-----+--------+

Top non-repeatable levels by time:
     D:7: 1548 daAuts
     D:4: 1148 daAuts
     D:1: 969 daAuts
     D:5: 954 daAuts
     D:6: 928 daAuts
     D:3: 693 daAuts
     D:2: 629 daAuts
  Temple: 595 daAuts
     D:8: 51 daAuts
